 Dungeon Crawl Stone Soup version 0.27.1-33-g824d729ab1 (webtiles) character file.

Game seed: 11208565353779851853

107 zeram the Caller (level 4, 0/39 HPs)
             Began as a Troll Summoner on Nov 26, 2021.
             Was an Initiate of Gozag.
             Slain by a sky beast (5 damage)
             ... on level 6 of the Dungeon.
             The game lasted 00:03:22 (1575 turns).

zeram the Caller (Troll Summoner)                   Turns: 1575, Time: 00:03:24

Health: 0/39       AC:  4    Str: 16    XL:     4   Next: 57%
Magic:  4/4        EV: 10    Int: 12    God:    Gozag
Gold:   216        SH:  0    Dex: 10    Spells: 2/5 levels left

rFire    . . .     SeeInvis .   (no weapon)
rCold    . . .     Faith    .   (no shield)
rNeg     + . .     Spirit   .   a - +0 robe
rPois    .         Reflect  .   (helmet restricted)
rElec    .         Harm     .   (no cloak)
rCorr    .         Rampage  .   (gloves unavailable)
Will     .....                  (boots unavailable)
Stlth    +.........             (no amulet)
HPRegen  1.13/turn              d - ring of positive energy
MPRegen  0.09/turn              (no ring)

@: gold aura
A: large, unfitting armour, claws 3, regeneration 1, shaggy fur 1, tough skin 1
a: Renounce Religion, Potion Petition, Call Merchant, Bribe Branch


You were on level 6 of the Dungeon.
You worshipped Gozag.
Gozag was aware of your devotion.
You visited 1 branch of the dungeon, and saw 4 of its levels.

You collected 240 gold pieces.
You paid 24 gold pieces to Gozag.

Inventory:

Missiles
 h - 17 stones
Armour
 a - a +0 robe (worn)
Jewellery
 d - a ring of positive energy (left claw)
Wands
 b - a wand of acid (5)
Potions
 c - a potion of brilliance {unknown}
 f - a potion of degeneration {unknown}
 g - a potion of haste {unknown}


   Skills:
 + Level 2.4 Dodging
 - Level 1.0 Stealth
 - Level 1.2 Spellcasting
 + Level 4.2 Summonings


You had 2 spell levels left.
You knew the following spells:

 Your Spells              Type           Power      Damage    Failure   Level
a - Summon Small Mammal   Summ           40%        N/A       5%          1
b - Call Imp              Summ           10%        N/A       8%          2

Your spell library contained the following spells:

 Spells                   Type           Power      Damage    Failure   Level
 Call Canine Familiar     Summ           10%        N/A       16%         3
 Summon Guardian Golem    Hex/Summ       5%         N/A       36%         3
 Summon Lightning Spire   Summ/Air       5%         N/A       77%         4


Dungeon Overview and Level Annotations

Branches:
Dungeon (6/15)
 Temple: D:4-7

Altars:
Gozag


Innate Abilities, Weirdness & Mutations

You are too large for most types of armour.
You have claws for hands.
Your natural rate of healing is unusually fast.
You are covered in fur. (AC +1)
You have tough skin. (AC +1)


Message History

You completely miss the adder. The adder bites you. Something hits you.
Something shocks you.
You claw the adder!
You kill the adder!
Something hits you. Something shocks you.
You scratch the orc.
The orc is severely wounded.
The orc closely misses you. Something hits you. Something shocks you.
* * * LOW HITPOINT WARNING * * *
You closely miss the orc.
The orc is severely wounded.
A sky beast appears from thin air!
Reactivating autopickup.
The sky beast closely misses you.
You feel better. The orc barely misses you.
The orc hits you with a +0 falchion.
The sky beast is distracted by your dazzling golden aura.
You completely miss the orc.
The orc is severely wounded.
The orc hits you but does no damage. The orc hits you with a +0 falchion.
You scratch the orc.
The orc is almost dead.
The orc closely misses you. The orc barely misses you.
You closely miss the orc.
The orc is almost dead.
The orc closely misses you. The orc hits you but does no damage.
You scratch the orc.
You kill the orc!
The sky beast is no longer distracted by gold.
The orc hits you but does no damage. The sky beast hits you.
The sky beast shocks you.
You scratch the orc.
The orc is almost dead.
The orc hits you with a +0 falchion.
* * * LOW HITPOINT WARNING * * *
The sky beast hits you.
* * * LOW HITPOINT WARNING * * *
The sky beast shocks you.
You die...
Your body crumbles into a pile of gold.

#.#
#.#.........
#.#.........
#.#....o.o.o
#.#.........
#.#.....!...
#Y#.........
#@#....?....
#$o.o.......
############


You could see a sky beast and 2 orcs.

Vanquished Creatures
  Robin (D:2)
  5 adders
  2 worms
  A dart slug (D:2)
  An orc (D:6)
  2 endoplasms
  2 giant cockroaches (D:1)
  4 hobgoblins (D:2)
  A kobold (D:1)
  4 quokkas
  4 bats
  3 frilled lizards
  11 goblins
  2 rats (D:2)
43 creatures vanquished.

Vanquished Creatures (others)
  A ball python (D:2)
  A goblin (D:2)
2 creatures vanquished.

Grand Total: 45 creatures vanquished

Notes
Turn   | Place    | Note
-------+----------+-------------------------------------------
     0 | D:1      | zeram the Troll Summoner began the quest for the Orb.
     0 | D:1      | Reached XP level 1. HP: 16/16 MP: 1/1
    10 | D:1      | Reached skill level 3 in Summonings
   217 | D:1      | Reached XP level 2. HP: 20/24 MP: 2/2
   511 | D:1      | You fall into a shaft and drop 1 floor!
   623 | D:2      | Reached XP level 3. HP: 24/31 MP: 3/3
   840 | D:2      | Found an opulent altar of Gozag.
   851 | D:2      | Became a worshipper of Gozag Ym Sagoz the Greedy
   916 | D:2      | Noticed Robin
   933 | D:2      | Killed Robin
   934 | D:2      | Reached skill level 4 in Summonings
   934 | D:2      | Reached XP level 4. HP: 16/39 MP: 4/4
   947 | D:2      | Learned a level 2 spell: Call Imp
  1547 | D:3      | You fall into a shaft and drop 3 floors!
  1560 | D:6      | Noticed a sky beast
  1575 | D:6      | Slain by a sky beast

Illustrated notes

Levels and vault maps discovered:
D:1:      sevenhm_arrival_forest_fort_small_5, layout_basic,
          chequers_serial_rivers_large_b, chequers_jeans
D:2:      layout_basic, basic_altar, uniq_robin
D:3:      layout_loops_ring, ebering_ecumenical_altar_mist
D:6:      layout_basic, nicolae_overflow_crystal_walls, uniq_sigmund

Skill      XL: |  1  2  3 |
---------------+----------+-----
Summonings     | 3 4 |  4.2
Dodging        | 2 |  2.4
Stealth        | |  1.0
Spellcasting   | |  1.2

Action                   |  1- 3 |  4- 6 || total
-------------------------+-------+-------++-------
Melee: Unarmed           |   121 |    50 ||   171
  Use: Potion            |     1 |     2 ||     3
       Scroll            |       |     1 ||     1
 Stab: Sleeping          |     1 |       ||     1
Armor: Robe              |    51 |    15 ||    66
Dodge: Dodged            |    67 |    25 ||    92
